 Dungeon Crawl Stone Soup version 0.22-a0-422-g9628fc87f1 (webtiles) character file.

2664 Kriby the Nimble (level 9, 0/47 HPs)
             Began as a Spriggan Gladiator on May 19, 2018.
             Was an Initiate of Wu Jian.
             Slain by a human
             ... wielding a +0 hand axe
              (12 damage)
             ... on level 7 of the Dungeon.
             The game lasted 00:11:09 (11519 turns).

Kriby the Nimble (Spriggan Gladiator)              Turns: 11519, Time: 00:11:10

Health: 0/47       AC:  3    Str: 13    XL:     9   Next: 36%
Magic:  10/10      EV: 28    Int: 10    God:    Wu Jian [......]
Gold:   238        SH:  0    Dex: 17    Spells: 8/8 levels left

rFire    . . .     SeeInvis +   a - +0 quarterstaff
rCold    . . .     Gourm    .   (shield currently unavailable)
rNeg     . . .     Faith    .   b - +0 robe
rPois    .         Spirit   .   c - +0 hat
rElec    .         Reflect  .   k - +0 cloak
rCorr    .         Harm     .   (gloves unavailable)
MR       +....                  (boots unavailable)
Stlth    ++........             (no amulet)
HPRegen  0.15/turn              (no ring)
MPRegen  0.12/turn              (no ring)

@: drained, very quick
A: very small, unfitting armour, see invisible, herbivore, speed 3, slow
metabolism 2
a: Renounce Religion


You were on level 7 of the Dungeon.
You worshipped Wu Jian.
Wu Jian was noncommittal.
You were not hungry.

You visited 2 branches of the dungeon, and saw 8 of its levels.

You collected 238 gold pieces.

Inventory:

Hand Weapons
 a - a +0 quarterstaff (weapon)
Missiles
 d - a throwing net (quivered)
Armour
 b - a +0 robe (worn)
 c - a +0 hat (worn)
 k - a +0 cloak (worn)
Jewellery
 l - a cursed ring of loudness {unknown}
Scrolls
 e - 5 scrolls of identify {@r1}
 g - 4 scrolls of enchant weapon
 h - 3 scrolls of remove curse {@r2}
 i - a scroll of amnesia
 m - a scroll of blinking {unknown}
 o - 4 scrolls of teleportation {@r3}
Potions
 j - 2 potions of curing {@q1}
 n - a potion of mutation {unknown}
Comestibles
 f - 7 rations {@e1}


   Skills:
 + Level 5.5(5.0) Fighting
 + Level 5.3(4.7) Staves
 - Level 2.0(1.4) Throwing
 * Level 13.1(12.4) Dodging


You had 8 spell levels left.
You didn't know any spells.
Your spell library was empty.

Dungeon Overview and Level Annotations

Branches:
Dungeon (7/15)             Temple (1/1) D:7

Altars:
Ashenzari
Cheibriados
Dithmenos
Elyvilon
Fedhas
Hepliaklqana
Kikubaaqudgha
Makhleb
Nemelex Xobeh
Okawaru
Qazlal
Ru
Sif Muna
Trog
Vehumet
Wu Jian
Xom
Yredelemnul
Zin
The Shining One

Annotations:
D:3 Ijyb
D:6 neozumm's ghost, novice MiFi


Innate Abilities, Weirdness & Mutations

You are very small and have problems with some larger weapons.
You are too small for most types of armour.
You have supernaturally acute eyesight. (SInv)
You are a herbivore.
You cover ground extremely quickly.
You need to consume almost no food.


Message History

The human hits you with a hand axe.
You hit the human but do no damage.
The human is heavily wounded.
The human closely misses you.
You closely miss the human.
The human is heavily wounded.
The human completely misses you.
You miss the human.
The human is heavily wounded.
The human completely misses you.
You hit the human.
The human is severely wounded.
You hit the human.
The human is severely wounded.
The human hits you with a hand axe.
* * * LOW HITPOINT WARNING * * *
You hit the human.
The human is almost dead.
The human hits you with a hand axe!
You die...

.###'''## .##.....# .##.....#
.##..8..# ........# ###.#####
####### ###.# #.....#
....################# #.....#
##....[[.##.....@phY#######h###
#.#####......#####hh...#....%#
#.#####......# ####..'h..%%#
#.##.........# ##.#######
#.##.##.....># ####[###
#............# #......#
#.......###### #..###.#
#.##..#..######### #..# .#
##.#.......##.....# #..###.#


You could see a yak, 3 hogs and a human.

Vanquished Creatures
  The ghost of Kriby the Ducker, an amateur SpGl of Okawaru (D:3)
  2 sky beasts
  An orc warrior (D:5)
  An ice beast (D:6)
  A black bear (D:6)
  A phantom (D:6)
  2 ogres
  3 centaurs
  3 bullfrogs
  4 scorpions
  5 wights (D:7)
  3 crimson imps
  A bullfrog zombie (D:5)
  A quasit (D:6)
  A jelly (D:6)
  5 orc priests
  A centaur skeleton (D:5)
  7 orc wizards
  7 worker ants
  A hound zombie (D:5)
  A howler monkey skeleton (D:7)
  7 adders
  4 gnolls
  An ooze (D:2)
  An adder zombie (D:7)
  3 worms
  4 dart slugs
  6 leopard geckos
  21 orcs
  3 ball pythons
  8 bats
  7 giant cockroaches
  4 goblins
  12 hobgoblins
  13 jackals
  9 kobolds
  2 quokkas (D:3)
  6 frilled lizards
  A giant cockroach zombie (D:5)
  A quokka skeleton (D:7)
  14 rats
179 creatures vanquished.

Vanquished Creatures (others)
  An ice beast (D:7)
1 creature vanquished.

Grand Total: 180 creatures vanquished

Notes
Turn   | Place    | Note
-------+----------+-------------------------------------------
     0 | D:1      | Kriby the Spriggan Gladiator began the quest for the Orb.
     0 | D:1      | Reached XP level 1. HP: 10/10 MP: 2/2
   344 | D:1      | Reached XP level 2. HP: 10/15 MP: 3/3
   350 | D:1      | Reached skill level 5 in Dodging
  1333 | D:2      | Reached XP level 3. HP: 17/18 MP: 4/4
  1645 | D:2      | Noticed an ogre
  1673 | D:2      | Killed an ogre
  1673 | D:2      | Reached skill level 6 in Dodging
  1673 | D:2      | Reached XP level 4. HP: 19/23 MP: 5/5
  1756 | D:2      | Reached XP level 5. HP: 22/27 MP: 6/6
  2621 | D:3      | Noticed Ijyb
  2625 | D:2      | Reached skill level 7 in Dodging
  2898 | D:3      | Noticed Kriby's ghost (amateur SpGl)
  2912 | D:3      | Killed Kriby's ghost
  2912 | D:3      | Reached XP level 6. HP: 15/32 MP: 7/7
  3868 | D:4      | Reached skill level 8 in Dodging
  4053 | D:4      | Found a hazy altar of Hepliaklqana.
  4920 | D:4      | Noticed a sky beast
  4928 | D:4      | Killed a sky beast
  4928 | D:4      | Reached XP level 7. HP: 25/36 MP: 8/8
  5043 | D:4      | Reached skill level 9 in Dodging
  5230 | D:4      | Noticed a moth of wrath
  5233 | D:4      | Found a bloodstained altar of Trog.
  5673 | D:5      | Entered Level 5 of the Dungeon
  6047 | D:5      | Reached skill level 10 in Dodging
  6409 | D:5      | Reached XP level 8. HP: 16/42 MP: 9/9
  7400 | D:6      | Reached skill level 11 in Dodging
  7524 | D:6      | Noticed neozumm's ghost (novice MiFi)
  8122 | D:5      | Reached skill level 5 in Fighting
  8122 | D:5      | Reached skill level 12 in Dodging
  8775 | D:6      | Reached skill level 5 in Staves
  8775 | D:6      | Reached XP level 9. HP: 47/47 MP: 10/10
  9287 | D:7      | Found a burning altar of Makhleb.
  9287 | D:7      | Found a glowing silver altar of Zin.
  9288 | D:7      | Noticed an angel
  9288 | D:7      | Noticed a balrug
 10270 | D:7      | Reached skill level 13 in Dodging
 10728 | D:7      | Found a snail-covered altar of Cheibriados.
 10935 | D:7      | Found a staircase to the Ecumenical Temple.
 11073 | Temple   | Entered the Ecumenical Temple
 11320 | Temple   | Became a worshipper of the Wu Jian Council
 11519 | D:7      | Slain by a human

Vault maps used:
D:1:      lemuel_arrival_funnel, due_unseen_surprise
D:3:      minmay_misc_feat_enclosed, minivault_27, uniq_ijyb
D:4:      lemuel_upstairs_altar, tgw_trog, kennysheep_little_box
D:5:      first_ration
D:6:      lemuel_crystal_altar, grunt_ministairs_6
D:7:      grunt_temple_overflow_order_and_chaos_2, slow_altar_2,
          lemuel_temple_firewalk_b, enter_bailey_2, grunt_livestock,
          grunt_ministairs_7, nrook_mini_vaults
Temple:   regret_index_temple_generic_petals

Skill      XL: |  1  2  3  4  5  6  7  8  9 |
---------------+----------------------------+-----
Dodging        | 5 6 7 8 10 12 13 | 13.1
Fighting       | 2 3 4 5 |  5.5
Staves         | 3 4 5 |  5.3
Throwing       | |  2.0

Action                   |  1- 3 |  4- 6 |  7- 9 || total
-------------------------+-------+-------+-------++-------
Melee: Quarterstaff      |   121 |   206 |   629 ||   956
Throw: Throwing net      |     2 |       |     3 ||     5
Invok: Lunge             |       |       |     1 ||     1
  Use: Scroll            |       |     4 |     4 ||     8
       Potion            |       |     2 |     3 ||     5
 Stab: Sleeping          |     3 |     5 |     2 ||    10
       Held in net/web   |     1 |       |     1 ||     2
  Eat: Ration            |       |     1 |     4 ||     5
Armor: Robe              |     6 |    14 |    41 ||    61
Dodge: Dodged            |   138 |   246 |   742 ||  1126

Table legend:
 A = Spawn XP
 B = Non-spawn XP
 C = Spawn XP percentage of total XP
 D = Spawn monster count
 E = Non-spawn monster count
 F = Spawn count percentage of total count
 G = Total turns spent on level
                    A         B        C        D         E        F      G
               +---------+---------+-------+---------+---------+-------+---------
         Total |       0 |    3807 |   0.0 |       0 |     179 |   0.0 | 11519
               +---------+---------+-------+---------+---------+-------+---------
           D:1 |       0 |      37 |   0.0 |       0 |      24 |   0.0 |  1276
           D:2 |       0 |     213 |   0.0 |       0 |      30 |   0.0 |  1425
           D:3 |       0 |     244 |   0.0 |       0 |      26 |   0.0 |  1320
           D:4 |       0 |     582 |   0.0 |       0 |      28 |   0.0 |  1991
           D:5 |       0 |     693 |   0.0 |       0 |      23 |   0.0 |  2143
           D:6 |       0 |    1071 |   0.0 |       0 |      24 |   0.0 |  1027
           D:7 |       0 |     967 |   0.0 |       0 |      24 |   0.0 |  2063
               +---------+---------+-------+---------+---------+-------+---------
